 Dungeon Crawl Stone Soup version 0.30-a0-166-g5d06c95188 (webtiles) character file.

Game seed: 5464213452278076231

1297 qw the Chopper (level 8, -3/49 HPs)
             Began as a Gargoyle Fighter on Sept 28, 2022.
             Slain by an iguana (7 damage)
             ... on level 6 of the Dungeon.
             The game lasted 00:01:50 (6541 turns).

qw the Chopper (Gargoyle Fighter)                   Turns: 6541, Time: 00:01:50

Health: -3/49      AC: 17    Str: 22    XL:     8   Next: 56%
Magic:  8/8        EV:  6    Int:  9    God:
Gold:   297        SH: 11    Dex:  9    Spells: 7/7 levels left

rFire   . . .      SeeInvis .    Y - +0 war axe
rCold   . . .      Faith    .    e - +2 kite shield
rNeg    + . .      Spirit   .    h - +0 chain mail
rPois   inf        Reflect  .    (no helmet)
rElec   +          Harm     .    a - +0 cloak
rCorr   .          Rampage  .    (no gloves)
Will    .....                    i - +0 pair of boots
Stlth   ..........               (no amulet)
HPRegen 0.16/turn                (no ring)
MPRegen 0.11/turn                (no ring)

@: no status effects
A: sickness immunity, AC +5, negative energy resistance 1, electricity
resistance, torment resistance 1, petrification resistance
a: no special abilities


You were on level 6 of the Dungeon.
You visited 1 branch of the dungeon, and saw 6 of its levels.

You collected 317 gold pieces.
You spent 20 gold pieces at shops.


Innate Abilities, Weirdness & Mutations

You are immune to sickness and miasma.
Your stone body is resilient. (AC +5)
You are immune to poison.
You resist negative energy. (rN+)
You are resistant to electric shocks. (rElec)
You are resistant to unholy torment.
You are immune to petrification.


   Skills:
 - Level 5.0 Fighting
 - Level 7.0 Axes
 - Level 3.2 Armour
 - Level 1.8 Dodging
 + Level 6.5 Shields


You had 7 spell levels left.
You didn't know any spells.
Your spell library was empty.

Inventory:

Hand Weapons
 k - a +2 whip of electrocution
 Y - a +0 war axe (weapon)
Armour
 a - a +0 cloak (worn)
 e - a +2 kite shield (worn)
 h - a +0 chain mail (worn)
 i - a +0 pair of boots (worn)
Jewellery
 f - a ring of ice
Scrolls
 g - a scroll of identify
Potions
 c - a potion of lignification {unknown}
 d - a potion of might
 j - 2 potions of curing
 n - a potion of cancellation {unknown}

Dungeon Overview and Level Annotations

Branches:
Dungeon (6/15)
 Temple: D:4-7

Altars:
Yredelemnul

Shops:
D:1 *

Annotations:
D:5 2 transporters, qw's ghost, novice GrFi


Message History

The black bear barely misses you. The orc closely misses you.
The iguana bites you!
You barely miss the black bear.
The black bear is moderately wounded.
You closely miss the iguana.
The black bear bites you but does no damage.
The black bear claws you but does no damage. x2
You block the kobold's attack. You block the iguana's attack.
The orc barely misses you.
You barely miss the black bear.
The black bear is moderately wounded.
You barely miss the iguana. You block the black bear's attack.
The black bear barely misses you. You block the black bear's attack.
The iguana bites you but does no damage.
The orc hits you from afar with a +0 trident.
The kobold barely misses you. x2; The orc hits you but does no damage.
The black bear bites you but does no damage.
The black bear claws you but does no damage.
The black bear completely misses you.
The iguana bites you but does no damage.
You barely miss the black bear.
The black bear is moderately wounded.
You slash the iguana! The kobold hits you but does no damage.
You block the black bear's attack.
The black bear claws you but does no damage. x2
The orc hits you but does no damage. The iguana bites you.
You barely miss the iguana.
The iguana is severely wounded.
You hit the black bear. The black bear bites you. The black bear claws you.
You block the black bear's attack. The kobold hits you but does no damage.
You block the iguana's attack. The orc hits you but does no damage.
You hit the iguana but do no damage.
The iguana is severely wounded.
You hit the black bear but do no damage.
You block the black bear's attack.
The black bear claws you but does no damage.
You block the black bear's attack. The iguana bites you!
You die...

........# ........+
........# ........#
........##########
.....Ko..........#
......l)h%..[....#
......)@)...[....#
..........<......#
.................#
###########.......#
#.......# #.......#
#.......# #.......#
#######


You could see a black bear, an iguana, an orc and a kobold.

Vanquished Creatures
  Grinder (D:5)
  Duvessa (D:6)
  A black bear (D:4)
  A phantom (D:5)
  A kobold brigand (D:6)
  2 scorpions
  A necrophage (D:4)
  Dowan (D:6)
  A howler monkey (D:4)
  A hound (D:6)
  An orc priest (D:6)
  2 jellies
  Ijyb (D:3)
  Terence (D:3)
  An iguana (D:6)
  Natasha (thrice) (D:3)
  10 gnolls
  5 adders
  2 ufetubi (D:5)
  8 worms
  A dart slug (D:2)
  2 orcs (D:6)
  8 ball pythons
  5 bats
  4 endoplasms
  5 giant cockroaches
  12 goblins
  6 hobgoblins
  2 quokkas (D:2)
  4 frilled lizards
  11 kobolds
  4 rats
109 creatures vanquished.

Vanquished Creatures (others)
  6 plants (D:5)
6 creatures vanquished.

Grand Total: 115 creatures vanquished

Notes
Turn   | Place    | Note
-------+----------+-------------------------------------------
     0 | D:1      | qw the Gargoyle Fighter began the quest for the Orb.
     0 | D:1      | Reached XP level 1. HP: 14/14 MP: 1/1
     0 | D:1      | 0 ||| qw: Version: 0.2-a-12-gaebbb33
     0 | D:1      | 0 ||| qw: Game counter: 990
     0 | D:1      | 0 ||| qw: Always use a shield: true
     0 | D:1      | 0 ||| qw: God list: Okawaru
     0 | D:1      | 0 ||| qw: Allow faded altars: false
     0 | D:1      | 0 ||| qw: Do Orc after D:15 true
     0 | D:1      | 0 ||| qw: Do second Lair branch before Depths: true
     0 | D:1      | 0 ||| qw: Lair rune preference: random
     0 | D:1      | 0 ||| qw: Plans: Normal, Zot:1-4, God:TSO, Crypt, Tomb,
                  | Pan, Slime:5, Hells, Abyss, Orb
     0 | D:1      | 0 ||| PLANNING D:1-11
    39 | D:1      | 39 ||| DROPPING +0 vorpal hand axe.
    60 | D:1      | Reached skill level 2 in Axes
   205 | D:1      | 205 ||| Stepping ~*~*~tactically~*~*~ (stealth).
   213 | D:1      | 213 ||| Stepping ~*~*~tactically~*~*~ (stealth).
   221 | D:1      | Reached XP level 2. HP: 19/19 MP: 2/2
   495 | D:1      | Found Caud's General Store.
   503 | D:1      | 503 ||| SHOPLISTING +0 chain mail (45 gold, have 23).
   503 | D:1      | 503 ||| SHOPLISTING +6 ring of strength (360 gold, have
                  | 23).
   503 | D:1      | 503 ||| SHOPLISTING amulet of guardian spirit (300 gold,
                  | have 23).
   503 | D:1      | 503 ||| SHOPLISTING potion of curing (30 gold, have 23).
   503 | D:1      | 503 ||| BUYING scroll of identify (20 gold).
   503 | D:1      | Bought a scroll of identify for 20 gold pieces
   874 | D:1      | 874 ||| DROPPING +0 club.
  1176 | D:1      | 1176 ||| UPGRADING to +2 kite shield.
  1186 | D:1      | 1186 ||| DROPPING +0 buckler.
  1291 | D:2      | Reached skill level 3 in Axes
  1332 | D:2      | 1332 ||| Stepping ~*~*~tactically~*~*~ (stealth).
  1335 | D:2      | 1335 ||| Stepping ~*~*~tactically~*~*~ (hiding).
  1342 | D:2      | Reached XP level 3. HP: 23/23 MP: 3/3
  1486 | D:2      | 1486 ||| Stepping ~*~*~tactically~*~*~ (stealth).
  1664 | D:2      | 1664 ||| Stepping ~*~*~tactically~*~*~ (hiding).
  1918 | D:2      | 1918 ||| DROPPING +0 mace.
  2025 | D:2      | Reached XP level 4. HP: 20/28 MP: 4/4
  2601 | D:2      | 2601 ||| READING 2 scrolls labelled HYASAGRAIHOS.
  2604 | D:2      | 2604 ||| READING 2 scrolls labelled OWIGA RAKHLUNES.
  2605 | D:2      | 2605 ||| READING scroll labelled TAS ITWASCHUOS.
  2606 | D:2      | 2606 ||| READING 2 scrolls of identify.
  2606 | D:2      | 2606 ||| IDENTIFYING smoky black potion
  2607 | D:2      | 2607 ||| DROPPING potion of berserk rage.
  2608 | D:2      | 2608 ||| DROPPING scroll of amnesia.
  2678 | D:3      | 2678 ||| Stepping ~*~*~tactically~*~*~ (stealth).
  2799 | D:3      | Noticed Ijyb
  2819 | D:3      | Killed Ijyb
  2820 | D:3      | Reached skill level 4 in Axes
  2820 | D:3      | Reached XP level 5. HP: 21/32 MP: 5/5
  3110 | D:3      | 3110 ||| Stepping ~*~*~tactically~*~*~ (stealth).
  3111 | D:3      | Noticed Natasha
  3121 | D:3      | Killed Natasha
  3290 | D:3      | Noticed Natasha
  3291 | D:3      | 3291 ||| Stepping ~*~*~tactically~*~*~ (hiding).
  3313 | D:3      | Killed Natasha
  3425 | D:3      | Noticed Terence
  3430 | D:3      | Killed Terence
  3625 | D:3      | Noticed Natasha
  3633 | D:3      | Killed Natasha
  3634 | D:3      | Reached XP level 6. HP: 19/37 MP: 6/6
  3781 | D:3      | Found a faded altar of an unknown god.
  3810 | D:3      | 3810 ||| UPGRADING to +0 chain mail.
  3820 | D:3      | 3820 ||| DROPPING +0 scale mail.
  3821 | D:3      | 3821 ||| READING scroll labelled HIESEF COQU.
  3822 | D:3      | 3822 ||| READING scroll labelled TAWOHIXZAZYU.
  3823 | D:3      | 3823 ||| READING 3 scrolls of identify.
  3823 | D:3      | 3823 ||| IDENTIFYING sedimented yellow potion
  3824 | D:3      | 3824 ||| READING 2 scrolls of identify.
  3824 | D:3      | 3824 ||| IDENTIFYING smoky yellow potion
  3825 | D:3      | 3825 ||| DROPPING potion of brilliance.
  3826 | D:3      | 3826 ||| DROPPING potion of ambrosia.
  3898 | D:4      | Noticed a black bear
  3908 | D:4      | Killed a black bear
  3908 | D:4      | HP: 9/37 [acid (4)]
  3909 | D:4      | Reached skill level 5 in Axes
  3909 | D:4      | 3909 ||| READING scroll of teleportation.
  4261 | D:4      | 4261 ||| Stepping ~*~*~tactically~*~*~ (stealth).
  4417 | D:4      | Identified the +3 trident of Internal Strife {freeze, rCorr
                  | Int+4}
  4504 | D:4      | Reached XP level 7. HP: 43/43 MP: 7/7
  4943 | D:4      | 4943 ||| Stepping ~*~*~tactically~*~*~ (hiding).
  4945 | D:4      | 4945 ||| Stepping ~*~*~tactically~*~*~ (hiding).
  5320 | D:4      | 5320 ||| UPGRADING to +0 cloak.
  5325 | D:4      | 5325 ||| DRINKING 2 smoky amethyst potions.
  5326 | D:4      | 5326 ||| DRINKING 2 viscous amethyst potions.
  5327 | D:4      | 5327 ||| DROPPING potion of magic.
  5372 | D:5      | Entered Level 5 of the Dungeon
  5373 | D:5      | 5373 ||| PLANNING SEWER
  5384 | D:5      | 5384 ||| Stepping ~*~*~tactically~*~*~ (stealth).
  5544 | D:5      | Noticed qw's ghost (novice GrFi)
  5566 | D:5      | Found a basalt altar of Yredelemnul.
  5606 | D:5      | 5606 ||| Stepping ~*~*~tactically~*~*~ (stealth).
  5607 | D:5      | 5607 ||| Stepping ~*~*~tactically~*~*~ (stealth).
  5769 | D:5      | Noticed Grinder
  5778 | D:5      | Paralysed by Grinder for 5 turns
  5784 | D:5      | Killed Grinder
  5785 | D:5      | Reached skill level 6 in Axes
  5923 | D:5      | 5923 ||| Stepping ~*~*~tactically~*~*~ (stealth).
  5932 | D:5      | Reached XP level 8. HP: 48/48 MP: 8/8
  5958 | D:5      | Identified the +2 scale mail of Protective Custody {rElec
                  | rPois Stlth+}
  5978 | D:5      | Found a transporter.
  5978 | D:5      | Found a transporter.
  6068 | D:5      | Reached skill level 6 in Shields
  6135 | D:5      | 6135 ||| RIP SEWER
  6136 | D:5      | 6136 ||| PLANNING D:1-11
  6317 | D:5      | 6317 ||| UPGRADING to +0 pair of boots.
  6322 | D:5      | 6322 ||| DRINKING 4 red potions.
  6323 | D:5      | 6323 ||| READING 2 scrolls of identify.
  6323 | D:5      | 6323 ||| IDENTIFYING orange potion
  6324 | D:5      | 6324 ||| DROPPING 3 potions of flight.
  6352 | D:6      | Noticed Duvessa
  6352 | D:6      | Noticed Dowan
  6362 | D:6      | Killed Duvessa
  6363 | D:6      | Reached skill level 1 in Dodging
  6363 | D:6      | Killed Dowan
  6367 | D:6      | 6367 ||| FLEEEEING.
  6368 | D:6      | 6368 ||| STAIRDANCE
  6517 | D:6      | Reached skill level 7 in Axes
  6534 | D:6      | HP: 4/49 [orc priest/divine providence (11)]
  6535 | D:6      | 6535 ||| DRINKING potion of heal wounds.
  6539 | D:6      | HP: 7/49 [iguana (1)]
  6541 | D:6      | Slain by an iguana

Levels and vault maps discovered:
D:1:      dpeg_arrival_fog, layout_basic, serial_shops,
          nicolae_shop_statue_plus, minmay_tiny_reverse_x
D:2:      minmay_alternating_diamond, layout_loops_ring, minmay_pentomino_q4
D:3:      layout_basic, basic_ecumenical_altar, minmay_misc_feat_doors,
          minivault_26, uniq_natasha, uniq_terence, uniq_ijyb
D:4:      layout_layer_cave
D:5:      layout_loops_ring, mainiacjoe_overflow_paths,
          lightli_sewer_entry_pipes, gammafunk_ghost_gnarly_gnolls, uniq_grinder
D:6:      layout_gridville, minmay_temple_entry_hall, uniq_duvessa

Skill      XL: |  1  2  3  4  5  6  7  8 |
---------------+-------------------------+-----
Axes           | 2 3 4 5 6 7 |  7.0
Shields        | 4 5 6 |  6.5
Fighting       | 4 5 |  5.0
Dodging        | 1 |  1.8
Armour         | |  3.2

Action                   |  1- 3 |  4- 6 |  7- 9 || total
-------------------------+-------+-------+-------++-------
Melee: War axe           |   108 |   156 |   126 ||   390
  Use: Scroll            |       |     9 |     1 ||    10
       Potion            |       |       |     4 ||     4
Armor: Scale mail        |    51 |    69 |       ||   120
       Chain mail        |       |    16 |   114 ||   130
Dodge: Dodged            |    46 |    53 |    45 ||   144
Block: Buckler           |     6 |       |       ||     6
       Kite shield       |    40 |    92 |   108 ||   240

Table legend:
 A = Non-vault XP
 B = Vault XP
 C = Vault XP percentage of total XP
 D = Non-vault monster count
 E = Vault monster count
 F = Vault count percentage of total count
                 A         B        C        D         E       F
            +---------+---------+-------+---------+---------+-------
      Total |    1195 |     659 |  35.5 |      87 |      22 |  20.2
            +---------+---------+-------+---------+---------+-------
        D:1 |      24 |       3 |  11.1 |      16 |       2 |  11.1
        D:2 |      65 |      51 |  44.0 |      15 |       9 |  37.5
        D:3 |     104 |     107 |  50.7 |      18 |       3 |  14.3
        D:4 |     387 |       0 |   0.0 |      16 |       0 |   0.0
        D:5 |     257 |     287 |  52.8 |       7 |       6 |  46.2
        D:6 |     358 |     211 |  37.1 |      15 |       2 |  11.8
            +---------+---------+-------+---------+---------+-------
